 Dungeon Crawl Stone Soup version 0.23.2-40-g277498a001 (webtiles) character file.

Game seed: 5822646842083080496

779 Descartes the Insei (level 7, -1/46 HPs)
             Began as an Octopode Transmuter on Sept 26, 2019.
             Slain by a phantom (8 damage)
             ... on level 5 of the Dungeon.
             The game lasted 00:08:24 (4646 turns).

Descartes the Insei (Octopode Transmuter)           Turns: 4646, Time: 00:08:25

Health: -1/46      AC:  1    Str: 10    XL:     7   Next: 85%
Magic:  12/12      EV: 15    Int: 15    God:
Gold:   219        SH:  0    Dex: 14    Spells: 10/13 levels left

rFire    . . .     SeeInvis .   q - +2 dagger (drain)
rCold    . . .     Gourm    .   (no shield)
rNeg     . . .     Faith    .   (helmet restricted)
rPois    +         Spirit   .   (no amulet)
rElec    .         Reflect  .   l - ring of poison resistance
rCorr    .         Harm     .   (no ring)
MR       .....                  (no ring)
Stlth    ++++......             (no ring)
HPRegen  0.15/turn              (no ring)
MPRegen  0.13/turn              (no ring)
                                (no ring)
                                (no ring)

@: no status effects
A: almost no armour, stealthy swim, amphibious, 8 rings, constrict 8, camouflage
1, gelatinous body 1
a: no special abilities


You were on level 5 of the Dungeon.
You were hungry.

You visited 1 branch of the dungeon, and saw 5 of its levels.

You collected 255 gold pieces.
You spent 36 gold pieces at shops.

Inventory:

Hand Weapons
 j - a +2 dagger of venom
 k - a +0 fustibalus
 q - a +2 dagger of draining (weapon)
Missiles
 a - 73 arrows
 b - 107 stones (quivered)
 d - 7 tomahawks
 w - 27 poisoned needles
Jewellery
 l - a ring of poison resistance (left tentacle)
Wands
 t - a wand of polymorph (8)
Scrolls
 f - 3 scrolls of teleportation
 g - 2 scrolls of magic mapping {unknown}
 h - 3 scrolls of remove curse {unknown}
 m - a scroll of enchant weapon {unknown}
 n - 7 scrolls of identify {unknown}
 p - a scroll of enchant armour {unknown}
 r - 2 scrolls of fog {unknown}
 s - a scroll of immolation {unknown}
 v - a scroll of fear {unknown}
 y - a scroll of random uselessness {unknown}
 A - a scroll of amnesia {unknown}
Potions
 e - 3 potions of heal wounds {unknown}
 i - 2 potions of curing {unknown}
 o - 2 potions of lignification {unknown}
 x - 2 potions of brilliance {unknown}
 z - a potion of haste {unknown}
Comestibles
 c - 8 rations


   Skills:
 + Level 3.3 Fighting
 + Level 3.9 Dodging
 + Level 4.6 Stealth
 + Level 4.6 Unarmed Combat
 + Level 3.6 Spellcasting
 + Level 3.9 Transmutations


You had 10 spell levels left.
You knew the following spells:

 Your Spells              Type           Power        Failure   Level  Hunger
a - Beastly Appendage     Tmut           ##....       3%          1    None
b - Sticks to Snakes      Tmut           ##......     5%          2    ##.....

Your spell library contained the following spells:

 Spells                   Type           Power        Failure   Level  Hunger
 Spider Form              Tmut/Pois      #.........   26%         3    ###....
 Ice Form                 Ice/Tmut       #.......     63%         4    ####...
 Blade Hands              Tmut           ##........   71%         5    ######.


Dungeon Overview and Level Annotations

Branches:
Dungeon (5/15)
 Temple: D:4-7

Altars:
Hepliaklqana
Ru
Sif Muna
Trog
The Shining One

Shops:
D:4 (*(

Annotations:
D:5 1 runed translucent door, chimenez's ghost, novice GnSk


Innate Abilities, Weirdness & Mutations

You cannot wear most types of armour.
You are very stealthy in the water. (Stealth+)
You are amphibious.
You can wear up to eight rings at the same time.
You can use your tentacles to constrict eight enemies at once.
Your skin changes colour to match your surroundings (Stealth+).
Your rubbery body absorbs attacks. (AC +1, EV +1)


Message History

The phantom barely misses you.
You miss the phantom.
The phantom is moderately damaged.
The phantom hits you.
You miss the phantom. You squeeze the phantom.
The phantom is heavily damaged.
The phantom hits you.
* * * LOW HITPOINT WARNING * * *
The phantom blinks!
You closely miss the phantom.
The phantom is heavily damaged.
The phantom hits you.
* * * LOW HITPOINT WARNING * * *
You hit the phantom.
The phantom is heavily damaged.
The phantom blinks!
You barely miss the phantom.
The phantom is heavily damaged.
The phantom hits you!
You die...

.........###.....# #....
................## #..
................# #
...............##
..##...........##
..####..........#####
..## ##.............#.###
...###...................
...#....###....W@........
......### #...######.....
.....## ##..# #<..#
...### #..# ..## ..##
#... ## ..# ... ..## ..
...## ....###


You could see a phantom.

Vanquished Creatures
  A sky beast (D:4)
  2 ogres (D:4)
  A centaur (D:3)
  2 crimson imps (D:5)
  A jelly (D:5)
  2 orc wizards (D:5)
  An orc priest (D:5)
  A bullfrog skeleton (D:4)
  A centaur skeleton (D:5)
  Ijyb (D:3)
  5 adders
  A shadow imp (D:5)
  3 worms
  2 dart slugs (D:2)
  3 leopard geckos
  18 orcs
  7 bats
  2 giant cockroaches (D:3)
  5 hobgoblins
  18 jackals
  2 quokkas
  5 frilled lizards
  4 goblins
  9 kobolds
  A leopard gecko skeleton (D:5)
  A quokka zombie (D:5)
  7 rats
106 creatures vanquished.

Vanquished Creatures (others)
  2 withered plants (D:5)
2 creatures vanquished.

Grand Total: 108 creatures vanquished

Notes
Turn   | Place    | Note
-------+----------+-------------------------------------------
     0 | D:1      | Descartes the Octopode Transmuter began the quest for the
                  | Orb.
     0 | D:1      | Reached XP level 1. HP: 13/13 MP: 3/3
   196 | D:1      | Reached XP level 2. HP: 18/18 MP: 5/5
   486 | D:1      | Reached skill level 1 in Stealth
   727 | D:1      | Learned a level 2 spell: Sticks to Snakes
   850 | D:2      | Reached XP level 3. HP: 23/23 MP: 6/6
  1154 | D:2      | Found a bloodstained altar of Trog.
  1842 | D:3      | Noticed a centaur
  1845 | D:3      | Noticed Ijyb
  1849 | D:3      | Killed a centaur
  1849 | D:3      | Reached XP level 4. HP: 24/29 MP: 7/7
  1849 | D:3      | Reached XP level 5. HP: 28/34 MP: 8/8
  1854 | D:3      | Killed Ijyb
  2291 | D:3      | Found a sacrificial altar of Ru.
  2473 | D:4      | Found Gaasieh's Antique Weapon Boutique.
  2590 | D:4      | Noticed a sky beast
  2630 | D:4      | Noticed an ogre
  2636 | D:4      | Killed an ogre
  2636 | D:4      | Reached XP level 6. HP: 39/41 MP: 10/10
  2725 | D:4      | Found a glowing golden altar of the Shining One.
  2740 | D:4      | Found Pegi's Antique Weapon Boutique.
  2877 | D:4      | Found a hazy altar of Hepliaklqana.
  2950 | D:4      | Found Puxuam's General Store.
  2954 | D:4      | Bought a scroll of teleportation for 36 gold pieces
  3044 | D:4      | Killed a sky beast
  3044 | D:4      | Reached XP level 7. HP: 27/45 MP: 11/11
  3283 | D:4      | Found a deep blue altar of Sif Muna.
  3466 | D:5      | Entered Level 5 of the Dungeon
  3899 | D:5      | Found a runed translucent door.
  3900 | D:5      | Noticed chimenez's ghost (novice GnSk)
  4253 | D:5      | HP: 1/46 [centaur skeleton (2)]
  4646 | D:5      | Slain by a phantom

Skill      XL: |  1  2  3  4  5  6  7 |
---------------+----------------------+-----
Stealth        | 1 2 3 4 |  4.6
Fighting       | 2 3 |  3.3
Transmutations | 3 |  3.9
Dodging        | 3 |  3.9
Unarmed Combat | 4 |  4.6
Spellcasting   | 3 |  3.6

Action                   |  1- 3 |  4- 6 |  7- 9 || total
-------------------------+-------+-------+-------++-------
Melee: Unarmed           |    30 |     2 |       ||    32
       Constrict         |    25 |    23 |    16 ||    64
       Tentacles         |    11 |    15 |    22 ||    48
       Dagger            |    64 |    91 |   114 ||   269
       Punch             |     2 |     2 |     4 ||     8
 Stab: Sleeping          |     5 |     7 |     2 ||    14
       Distracted        |       |     1 |       ||     1
  Eat: Chunk             |     3 |     3 |     5 ||    11
Armor: Skin              |     8 |     7 |     2 ||    17
Dodge: Dodged            |    63 |    47 |    80 ||   190
